 Dungeon Crawl Stone Soup version 0.31-a0-1161-g593ecc88b7 (webtiles) character file.

Game seed: 15492986083489476950

8627 Dirtsage the Mimic (level 11, -9/71 HPs)
             Began as an Octopode Shapeshifter on Dec 8, 2023.
             Was a Priest of the Shining One.
             Mangled by a komodo dragon (23 damage)
             ... on level 11 of the Dungeon.
             The game lasted 00:24:17 (10017 turns).

Dirtsage the Mimic (Octopode Shapeshifter)         Turns: 10017, Time: 00:24:17

Health: -9/71      AC:  1    Str: 20    XL:     11   Next: 33%
Magic:  12/14      EV: 15    Int: 12    God:    the Shining One [***...]
Gold:   662        SH:  8    Dex: 16    Spells: 8/10 levels left

rFire   . .          .
                       - Unarmed
rCold   . . .        (no shield)
rNeg    + . .        (helmet restricted)
rPois   .            (no amulet)
rElec   .            S - ring of see invisible
rCorr   .            a - ring of willpower
SInv    +            K - +6 ring of strength
Will    +....        (no ring)
Stlth   +            (no ring)
HPRegen 0.31/turn    (no ring)
MPRegen 0.14/turn    (no ring)
                     (no ring)

%: no passive effects
@: divinely shielded, maw-form, wereblooded, slowed, glowing, very slow
A: devouring maw, almost no armour, amphibious, 8 rings, camouflage 1,
gelatinous body 1, (nimble swimmer 1), tentacles
a: Begin Untransformation, Renounce Religion, Divine Shield, Cleansing Flame


You were on level 11 of the Dungeon.
You worshipped the Shining One.
The Shining One was most pleased with you.
You were a creature with a mouth for a stomach.
You visited 2 branches of the dungeon, and saw 12 of its levels.
You also visited: Bailey.

You collected 770 gold pieces.
You spent 108 gold pieces at shops.

Inventory:

Missiles
 E - a curare-tipped dart
Armour
 t - a +0 kite shield
Magical Staves
 j - a staff of air
 k - a staff of poison
 u - a staff of earth
Jewellery
 a - a ring of willpower (right tentacle)
 K - a +6 ring of strength (on tentacle)
 S - a ring of see invisible (left tentacle)
Talismans
 b - a beast talisman
 c - a flux talisman
 f - a maw talisman (active)
Wands
 p - a wand of flame (5) (quivered)
 D - a wand of digging (15)
 F - a wand of acid (10)
 I - a wand of roots (6)
Scrolls
 e - 2 scrolls of poison
 g - a scroll of fear
 i - 6 scrolls of identify
 m - 3 scrolls of enchant weapon
 n - a scroll of immolation
 o - 2 scrolls of noise
 r - 2 scrolls of summoning
 s - 6 scrolls of enchant armour
 w - 2 scrolls of amnesia
 x - a scroll of revelation
 y - a scroll of vulnerability
 B - 5 scrolls of blinking
 H - a scroll of fog
Potions
 d - 3 potions of might
 h - a potion of haste
 l - a potion of heal wounds
 q - a potion of curing
 v - a potion of attraction
 z - 6 potions of mutation
 A - 2 potions of cancellation
 C - 6 potions of brilliance
 G - a potion of lignification
 J - a potion of ambrosia


   Skills:
 * Level 5.1 Fighting
 * Level 5.5 Dodging
 * Level 5.9 Unarmed Combat
 + Level 5.7 Transmutations
 * Level 4.5 Invocations
 - Level 13.3 Shapeshifting


You had 8 spell levels left.
You knew the following spells:

 Your Spells              Type           Power      Damage    Failure   Level
a - Wereblood             Tmut           13%        N/A       4%          2

Your spell library contained the following spells:

 Spells                   Type           Power      Damage    Failure   Level
 Magic Dart               Conj           0%         1d3       32%         1
 Call Imp                 Summ           0%         N/A       45%         2
 Scorch                   Fire           0%         2d5       45%         2
 Mephitic Cloud           Conj/Pois/Air  0%         N/A       69%         3
 Irradiate                Conj/Tmut      3%         3d12      96%         5
 Anguish                  Hex/Necr       0%         N/A       97%         4
 Cause Fear               Hex            0%         N/A       97%         4
 Flame Wave               Conj/Fire      0%         2d4       97%         4
 Summon Cactus Giant      Summ           0%         N/A       100%        6
 Enfeeble                 Hex            0%         N/A       100%        7


Dungeon Overview and Level Annotations

Branches:
Dungeon (11/15)            Temple (1/1) D:7            Lair (0/5) D:11
    Orc (0/2) D:10         Bailey (visited)

Altars:
Ashenzari
Cheibriados
Dithmenos
Elyvilon
Fedhas
Gozag
Hepliaklqana
Kikubaaqudgha
Makhleb
Nemelex Xobeh
Okawaru
Qazlal
Ru
Sif Muna
Trog
Uskayaw
Vehumet
Wu Jian
Xom
Yredelemnul
Zin
The Shining One
Jiyva

Shops:
D:4 *

Annotations:
D:8 3 runed translucent doors, Dirtsage's ghost, novice OpSh
D:10 2 transporters, bmj180's ghost, journeyman HuCj


Innate Abilities, Weirdness & Mutations

You are a creature with a mouth for a stomach.
Your midsection houses a second, enormous mouth.
You cannot wear most types of armour.
You are amphibious.
You can wear up to eight rings at the same time.
Your skin changes colour to match your surroundings (Stealth+).
Your rubbery body absorbs attacks. (AC +1, EV +1)
((You are camouflaged when in or above water. (Stealth+)))
You have tentacles for arms and can constrict up to eight enemies at once.


Message History

The wraith is moderately damaged.
The wraith closely misses you.
The orc wizard casts a spell.
The orc wizard flickers and vanishes for a moment.
You bludgeon the wraith! You tentacle-slap the wraith.
Your squeeze misses the wraith. You bite the wraith.
You feel a bit better.
You destroy the wraith!
The Shining One accepts your kill.
You feel better.
You feel your power returning. The orc wizard closely misses you.
You regained 5 hp, and now have 46/71 hp.
MP restored: 14 A divine shield forms around you!
The orc wizard casts a spell at you. The puff of flame hits you!
You take 6 damage, and have 40/71 hp.
You now have 11/14 mp.
You closely miss the orc wizard. You grab the orc wizard.
You tentacle-slap the orc wizard!
You bite the orc wizard, but do no damage.
The orc wizard is severely wounded.
You constrict the orc wizard.
The orc wizard gestures at you while chanting.
The puff of flame misses you. The orc wizard casts a spell at you.
The magic dart hits you!
You take 8 damage, and have 32/71 hp.
You bludgeon the orc wizard!
You devour the orc wizard!
You feel better.
You feel a bit better.
You kill the orc wizard!
You regained 8 hp, and now have 40/71 hp.
You tentacle-slap the komodo dragon. You bite the komodo dragon!
The komodo dragon is heavily wounded.
You shout twice as the wereblood boils in your veins!
The komodo dragon misses you.
You tentacle-slap the komodo dragon but do no damage.
The komodo dragon is heavily wounded.
The komodo dragon bites you!!
* * * LOW HITPOINT WARNING * * *
The komodo dragon bites you!!
You die...

...# ...# #. #c ...# #.
#. ...## ##. #l ....# ..
#. ....## #. #. .....##
#.#. ......###
#..######.#
........#####.clW.....#
............#####'#####..
.........................
.........................
....................###..
...........(........#
####............##### #
#............# #
#............#


You could see a komodo dragon and a centaur.

Vanquished Creatures
  A cyclops (D:11)
  A troll (D:10)
  A shadow (D:9)
  A wraith (D:11)
  3 yaks (D:10)
  3 wyverns
  Eustachio (D:6)
  4 vampire mosquitoes (D:10)
  A steam dragon (D:7)
  A water moccasin (D:5)
  12 orc warriors
  A black bear (D:6)
  3 sky beasts
  An ice beast (D:7)
  An ogre (D:7)
  2 centaurs (D:9)
  2 phantoms (D:6)
  2 bullfrogs
  2 kobold brigands (D:8)
  2 gnoll sergeants
  A scorpion (D:5)
  4 wights (D:6)
  5 killer bees (D:10)
  An electric eel (D:8)
  2 howler monkeys
  5 hounds
  A jelly (D:5)
  5 orc priests
  4 orc wizards
  3 iguanas
  11 gnolls
  10 adders
  A shadow imp (D:6)
  4 white imps
  6 ufetubi
  4 worms
  2 dart slugs (D:1)
  59 orcs
  5 ball pythons
  3 bats
  6 endoplasms
  2 giant cockroaches
  11 goblins
  12 hobgoblins
  10 jackals
  3 quokkas
  5 frilled lizards
  16 kobolds
  5 rats
251 creatures vanquished.

Vanquished Creatures (others)
  A kobold (D:8)
1 creature vanquished.

Grand Total: 252 creatures vanquished

Notes
Turn   | Place    | Note
-------+----------+-------------------------------------------
     0 | D:1      | Dirtsage the Octopode Shapeshifter began the quest for the
                  | Orb.
     0 | D:1      | Reached XP level 1. HP: 13/13 MP: 1/1
   208 | D:1      | Reached XP level 2. HP: 16/18 MP: 2/2
   455 | D:1      | Reached XP level 3. HP: 16/23 MP: 3/3
   456 | D:1      | Reached skill level 4 in Shapeshifting
  1150 | D:2      | Reached XP level 4. HP: 20/28 MP: 4/4
  1195 | D:2      | Learned a level 2 spell: Wereblood
  1723 | D:3      | Found a glowing golden altar of the Shining One.
  1733 | D:3      | Became a worshipper of the Shining One
  1876 | D:3      | Reached skill level 1 in Transmutations
  1876 | D:3      | Reached skill level 5 in Shapeshifting
  1876 | D:3      | Reached XP level 5. HP: 25/33 MP: 5/5
  2465 | D:4      | Found an opulent altar of Gozag.
  2811 | D:4      | Found Meuvah's Assorted Antiques.
  2907 | D:4      | Reached XP level 6. HP: 30/38 MP: 6/6
  2944 | D:4      | Bought a scroll labelled DEIKOXT FIALOZ for 19 gold pieces
  2944 | D:4      | Bought a fuming emerald potion for 17 gold pieces
  2944 | D:4      | Bought 2 scrolls labelled ANEHATIUTH for 38 gold pieces
  2944 | D:4      | Bought a puce potion for 17 gold pieces
  2944 | D:4      | Bought an emerald potion for 17 gold pieces
  2992 | D:4      | Reached * piety under the Shining One
  3029 | D:4      | Found a burning altar of Makhleb.
  3029 | D:4      | Noticed a balrug
  3336 | D:5      | Entered Level 5 of the Dungeon
  3476 | D:5      | Reached skill level 6 in Shapeshifting
  3527 | D:5      | Noticed a water moccasin
  3535 | D:5      | Killed a water moccasin
  3536 | D:5      | Reached XP level 7. HP: 43/43 MP: 7/7
  4241 | D:6      | Noticed Eustachio
  4264 | D:6      | Killed Eustachio
  4265 | D:6      | Reached skill level 7 in Shapeshifting
  4373 | D:6      | Reached XP level 8. HP: 32/50 MP: 8/8
  4441 | D:6      | Found a basalt altar of Yredelemnul.
  4503 | D:6      | Reached ** piety under the Shining One
  5406 | D:7      | Reached skill level 1 in Invocations
  5406 | D:7      | Reached skill level 8 in Shapeshifting
  5511 | D:7      | Reached XP level 9. HP: 51/57 MP: 8/10
  5637 | D:7      | Identified the +6 chain mail of the Accordion {rPois}
  5719 | D:7      | Found an ancient bone altar of Kikubaaqudgha.
  5799 | D:7      | Found a staircase to the Ecumenical Temple.
  5844 | D:7      | Found a flagged portal.
  5853 | Bailey   | Entered a bailey
  5979 | Bailey   | Reached skill level 5 in Transmutations
  6192 | Bailey   | Reached skill level 13 in Shapeshifting
  6192 | Bailey   | Reached XP level 10. HP: 59/63 MP: 11/11
  6245 | Bailey   | HP: 3/63 [orc warrior/+0 halberd (14)]
  6312 | Bailey   | HP: 1/63 [orc warrior/+0 glaive (22)]
  6565 | Temple   | Entered the Ecumenical Temple
  6794 | D:7      | Found a snail-covered altar of Cheibriados.
  7289 | D:8      | Found a runed translucent gate.
  7289 | D:8      | Found a runed translucent gate.
  7289 | D:8      | Found a runed translucent gate.
  7289 | D:8      | Noticed Dirtsage's ghost (novice OpSh)
  7298 | D:8      | Found a viscous altar of Jiyva.
  7486 | D:8      | Identified the +7 flail "Utuwkolo" {venom, rElec rC- Str+3
                  | Int+2}
  7508 | D:8      | Found an ornate altar of the Wu Jian Council.
  7539 | D:8      | Reached skill level 5 in Unarmed Combat
  7622 | D:8      | Found a shimmering altar of Xom.
  8066 | D:9      | Reached *** piety under the Shining One
  8696 | D:10     | Entered Level 10 of the Dungeon
  8703 | D:10     | Noticed an orc knight
  8704 | D:10     | Noticed bmj180's ghost (journeyman HuCj)
  8704 | D:10     | Noticed a cyclops
  8725 | D:10     | Found a transporter.
  8729 | D:10     | Found a transporter.
  8813 | D:10     | Reached XP level 11. HP: 40/70 MP: 8/13
  8819 | D:10     | Reached skill level 5 in Dodging
  9137 | D:10     | Found a staircase to the Orcish Mines.
  9364 | D:10     | Reached skill level 5 in Fighting
  9685 | D:11     | Found a staircase to the Lair.
  9718 | D:11     | Noticed a cyclops
  9751 | D:11     | Killed a cyclops
 10017 | D:11     | Mangled by a komodo dragon

Illustrated notes

Levels and vault maps discovered:
D:1:      nicolae_arrival_somewhat_less_tricky_arrival, layout_basic,
          minmay_tall_x
D:2:      layout_rooms
D:3:      layout_basic, nicolae_overflow_crystal_walls,
          kennysheep_generic_room_9
D:4:      layout_loops_ring, mainiacjoe_overflow_tiny_flanked,
          makhleb_altar_promises_db, serial_shops, shop
D:5:      layout_loops_ring
D:6:      layout_gridville, kennysheep_little_box, uniq_eustachio
D:7:      layout_cave_pods, lemuel_doored_altar, old_standard_altar,
          minmay_temple_entry_gardened_gates, enter_bailey_5,
          dreamdust_gnoll_farm
D:8:      layout_rooms, mainiacjoe_overflow_alcove_4, marbit_many_paths,
          gammafunk_ghost_ooze, nicolae_water_bricks
D:9:      layout_basic
D:10:     layout_roguey, david_orc_5, gammafunk_ghost_arena
D:11:     minmay_the_grid_plus_closed [minmay_the_grid_medium_cups,
          minmay_the_grid_expand, minmay_the_grid_box_x,
          minmay_the_grid_minigrid_small, minmay_the_grid_prize_big_room],
          layout_irregular_city, portal_ice_cave_demonic_guard, serial_shops,
          nicolae_shop_window_shopping
Temple:   zaba_magenta_temple

Skill      XL: |  1  2  3  4  5  6  7  8  9 10 11 |
---------------+----------------------------------+-----
Shapeshifting  | 4 5 6 7 8 13 | 13.3
Transmutations | 1 2 3 4 5 |  5.7
Fighting       | 3 4 5 |  5.1
Dodging        | 3 4 5 |  5.5
Unarmed Combat | 4 5 |  5.9
Invocations    | 1 2 3 4 |  4.5

Action                     |  1- 3 |  4- 6 |  7- 9 | 10-12 || total
---------------------------+-------+-------+-------+-------++-------
  Melee: Unarmed           |    67 |   105 |   197 |   187 ||   556
         Constrict         |    27 |    35 |    57 |    51 ||   170
         Tentacles         |    18 |    22 |    59 |    65 ||   164
         Punch             |     3 |     9 |       |    14 ||    26
         Maw               |       |       |       |    92 ||    92
  Throw: Throwing net      |       |       |       |     1 ||     1
   Cast: Wereblood         |       |       |     4 |     9 ||    13
 Invoke: Divine Shield     |       |       |     1 |     5 ||     6
  Evoke: Wand              |       |     3 |     6 |    18 ||    27
    Use: Scroll            |       |    14 |     3 |     3 ||    20
         Potion            |       |     1 |     2 |     8 ||    11
   Stab: Sleeping          |     4 |     1 |       |       ||     5
         Distracted        |     1 |       |       |       ||     1
 Armour: Skin              |    28 |    62 |    89 |    96 ||   275
  Dodge: Dodged            |    32 |    54 |   204 |   139 ||   429
  Block: Other             |       |       |     4 |    14 ||    18
   Form: Flux              |       |       |     1 |       ||     1
         Maw               |       |       |       |     1 ||     1

Table legend: (Time is in decaauts)
 A = Elapsed time spent in this place.
 B = Non-inter-level travel time spent in this place.
 C = Inter-level travel time spent in this place.
 D = Time resting spent in this place.
 E = Time spent auto-exploring this place.
 F = Levels seen in this place.
 G = Mean time per level.
                   A        B        C        D        E       F      G
               +--------+--------+--------+--------+--------+-----+--------+
         Total |   9977 |   9497 |    480 |    206 |   7296 |  13 |  767.5 |
       Dungeon |   9289 |   8809 |    480 |    185 |   6934 |  11 |  844.5 |
        Temple |      1 |      1 |      0 |      0 |      0 |   1 |    1.0 |
        Bailey |    686 |    686 |      0 |     21 |    362 |   1 |  686.0 |
               +--------+--------+--------+--------+--------+-----+--------+

Top non-repeatable levels by time:
     D:7: 1168 daAuts
     D:6: 1164 daAuts
     D:1: 1099 daAuts
    D:10: 968 daAuts
     D:4: 870 daAuts
     D:5: 866 daAuts
     D:9: 854 daAuts
     D:3: 800 daAuts
  Bailey: 686 daAuts
     D:8: 592 daAuts
     D:2: 556 daAuts
    D:11: 346 daAuts
  Temple: 1 daAuts
